 Dungeon Crawl Stone Soup version 0.30-a0-918-g0ff054e9dc (webtiles) character file.

Game seed: 135651402964286315

2179 jasper the Skirmisher (level 9, 0/63 (67) HPs)
             Began as a Demonspawn Wanderer on Mar 20, 2023.
             Slain by a wight
             ... wielding a +2 great sword of freezing
              (6 damage)
             ... on level 8 of the Dungeon.
             The game lasted 00:14:08 (7151 turns).

jasper the Skirmisher (Demonspawn Wanderer)         Turns: 7151, Time: 00:14:08

HP:   0/63 (67)     AC: 12    Str: 17    XL:     9   Next: 11%
MP:   12/12         EV:  9    Int: 13    God:
Gold: 1251          SH:  0    Dex: 13    Spells: 11/12 levels left

rFire   + . .      SeeInvis .    G - +0 arbalest
rCold   . . .      Faith    .    (shield currently unavailable)
rNeg    . . .      Spirit   .    M - +2 scale mail {rF+}
rPois   .          Reflect  .    (helmet unavailable)
rElec   .          Rampage  .    q - +0 cloak {rCorr}
rCorr   +                        x - +0 pair of gloves
Will    .....                    y - +0 pair of boots Stlth
                                 l - amulet of regeneration
HPRegen 1.10/turn                f - ring of resist corrosion
MPRegen 0.13/turn                (no ring)

@: about to teleport, drained
A: horns 3, ignite blood 1, powered by pain 2
a: no special abilities


You were on level 8 of the Dungeon.
You visited 2 branches of the dungeon, and saw 9 of its levels.

You collected 1460 gold pieces.
You spent 209 gold pieces at shops.

Inventory:

Hand Weapons
 a - a +1 shortbow
 c - a +0 dagger
 G - a +0 arbalest (weapon)
 L - the +8 trident of the Octopus King {venom, rElec rPois}
   (You found it on level 8 of the Dungeon)

   rElec:     It insulates you from electricity.
   rPois:     It protects you from poison.
Missiles
 b - 19 poisoned darts
Armour
 e - a +0 leather armour
 m - a +0 chain mail
 q - a +0 cloak of preservation (worn)
 w - a +0 plate armour
 x - a +0 pair of gloves (worn)
 y - a +0 pair of boots (worn)
 M - a +2 scale mail of fire resistance (worn)
Jewellery
 f - a ring of resist corrosion (left hand)
 l - an amulet of regeneration (around neck)
 o - a ring of poison resistance
 s - a ring of ice
Wands
 i - a wand of roots (7)
 r - a wand of paralysis (1)
 A - a wand of polymorph (6)
Scrolls
 p - 6 scrolls of teleportation
 u - 2 scrolls of butterflies
 z - 3 scrolls of fog
 B - a scroll of enchant weapon
 D - a scroll of magic mapping
 E - a scroll of enchant armour {unknown}
 F - 6 scrolls of identify
 K - a scroll of brand weapon {unknown}
Potions
 d - 2 potions of attraction
 g - a potion of invisibility {unknown}
 h - a potion of ambrosia
 j - a potion of might
 k - 2 potions of brilliance {unknown}
 n - 2 potions of mutation
 t - 3 potions of flight
 v - a potion of magic {unknown}
 C - 2 potions of degeneration {unknown}
 H - a potion of heal wounds {unknown}
 I - a potion of berserk rage {unknown}
 J - a potion of curing


   Skills:
 + Level 4.9 Fighting
 * Level 9.3 Ranged Weapons
 - Level 2.6 Throwing
 + Level 4.1 Armour
 - Level 2.0 Spellcasting
 - Level 1.7 Translocations


You had 11 spell levels left.
You knew the following spells:

 Your Spells              Type           Power      Damage    Failure   Level
a - Apportation           Tloc           10%        N/A       36%         1

Your spell library contained the following spells:

 Spells                   Type           Power      Damage    Failure   Level
 Necrotise                Necr           4%         1d4       63%         1
 Slow                     Hex            4%         N/A       63%         1
 Gell's Gravitas          Tloc           5%         N/A       75%         3
 Scorch                   Fire           2%         2d5       77%         2
 Confusing Touch          Hex            1%         N/A       94%         3
 Vampiric Draining        Necr           1%         2d6       94%         3
 Flame Wave               Conj/Fire      1%         2d4       100%        4
 Summon Cactus Giant      Summ           0%         N/A       100%        6


Dungeon Overview and Level Annotations

Branches:
Dungeon (8/15)             Temple (1/1) D:6
   Lair: D:8-11

Altars:
Ashenzari
Cheibriados
Dithmenos
Fedhas
Gozag
Hepliaklqana
Kikubaaqudgha
Makhleb
Nemelex Xobeh
Qazlal
Ru
Sif Muna
Trog
Uskayaw
Vehumet
Wu Jian
Xom
Yredelemnul

Shops:
D:2 *

Annotations:
D:5 3 runed translucent doors, AverageBear's ghost, novice OpFi


Innate Abilities, Weirdness & Mutations

You have a pair of large horns on your head.
Your demonic aura sometimes causes spilled blood to erupt in flames.
You sometimes gain power by taking damage.


Message History

You take 9 damage, and have 35/67 hp.
Fire: G) +0 arbalest
Press: ? - help, Q - select action, (/) - cycle Shift-Dir - straight line, f - wight
Aim: a wight, wielding a +2 great sword of freezing and wearing a +0 robe (59% to hit)
You shoot a bolt. The bolt barely misses the wight.
The bolt hits the wight but does no damage.
A hornet comes into view.
The wight closely misses you.
The wight hits you from afar with a +0 halberd.
The wight closely misses you.
The wight hits you with a +2 great sword of freezing.
You feel drained. The wight freezes you.
You take 2 damage, and have 33/66 hp.
Fire: G) +0 arbalest
Press: ? - help, Q - select action, (/) - cycle Shift-Dir - straight line, f/p - wight
Aim: a wight, wielding a +2 great sword of freezing and wearing a +0 robe (59% to hit)
You shoot a bolt. The bolt closely misses the wight. x2
The hornet buzzes angrily.
The wight barely misses you. The wight closely misses you.
You regained 2 hp, and now have 35/66 hp.
Fire: G) +0 arbalest
Press: ? - help, Q - select action, (/) - cycle Shift-Dir - straight line, f/p - wight
Aim: a wight, wielding a +2 great sword of freezing and wearing a +0 robe (59% to hit)
You shoot a bolt. The bolt closely misses the wight.
The bolt barely misses the wight.
The wight hits you with a +2 great sword of freezing.
You feel drained. The wight freezes you. The wight barely misses you.
The wight hits you but does no damage.
The wight hits you with a +2 great sword of freezing.
The wight freezes you.
You take 13 damage, and have 22/65 hp.
Okay, then.
As you read the scroll of teleportation, it crumbles to dust.
You feel strangely unstable.
The wight hits you with a +2 great sword of freezing!
* * * LOW HITPOINT WARNING * * *
You feel drained.
* * * LOW HITPOINT WARNING * * *
The wight freezes you.
You die...

##....(..####
#...........#
#.........#.##########
#............#........
##.......#.#.#.##.##.#
##......#>#.#.##.##.#
##zzy#.#........##.#
##z##>###.#.#####.#
####@##.###.#.#####.#
#..†........#.......#
.#####..#...####......####
........#...####......#
........#...#.........#
..............##......#
.#####......####....>.#
#####...........######
..........########


You could see a hornet and 3 wights.

Vanquished Creatures
  Grinder (D:6)
  Sigmund (D:7)
  Duvessa (D:5)
  2 water moccasins
  The ghost of relicbr the Sneak, an amateur SpDe (D:4)
  2 orc warriors
  2 ogres
  A phantom (D:6)
  A bullfrog (D:8)
  2 scorpions (D:7)
  5 wights
  Dowan (D:5)
  A jelly (D:6)
  A hound (D:4)
  2 sleepcaps
  4 iguanas
  3 orc wizards
  A gnoll (D:1)
  3 adders
  A shadow imp (D:3)
  2 ufetubi (D:5)
  3 dart slugs (D:1)
  21 orcs
  3 bats
  6 endoplasms
  6 giant cockroaches
  6 goblins
  9 hobgoblins
  6 jackals
  5 quokkas
  7 ball pythons
  9 kobolds
  5 rats
124 creatures vanquished.

Notes
Turn   | Place    | Note
-------+----------+-------------------------------------------
     0 | D:1      | jasper the Demonspawn Wanderer began the quest for the Orb.
     0 | D:1      | jasper set off with the following items: a +0 shortbow, 15
                  | poisoned darts, a +0 dagger, a potion of attraction, a +0
                  | leather armour; and the following spell memorised:
                  | Apportation; and the following spells available to
                  | memorise: Gell's Gravitas.
     0 | D:1      | Reached XP level 1. HP: 15/15 MP: 3/3
    56 | D:1      | Reached skill level 2 in Ranged Weapons
   134 | D:1      | Gained mutation: You have a pair of small horns on your
                  | head. [demonic ancestry]
   134 | D:1      | Reached XP level 2. HP: 5/21 MP: 5/5
   477 | D:1      | Reached skill level 3 in Ranged Weapons
   504 | D:1      | Gained mutation: You have a pair of horns on your head.
                  | [demonic ancestry]
   504 | D:1      | Reached XP level 3. HP: 17/26 MP: 6/6
   893 | D:1      | Identified a scroll of acquirement
   893 | D:1      | Acquired 898 gold pieces
  1052 | D:2      | Found Ocseppia's General Store.
  1062 | D:2      | Bought a scroll of fear for 44 gold pieces
  1062 | D:2      | Bought a potion of ambrosia for 88 gold pieces
  1062 | D:2      | Bought a potion of lignification for 33 gold pieces
  1062 | D:2      | Bought a potion of might for 44 gold pieces
  1421 | D:2      | Gained mutation: You sometimes gain a little power by
                  | taking damage. [demonic ancestry]
  1421 | D:2      | Reached XP level 4. HP: 32/32 MP: 7/7
  1706 | D:3      | Reached skill level 4 in Ranged Weapons
  2561 | D:4      | Noticed relicbr's ghost (amateur SpDe)
  2561 | D:4      | Found a large runed translucent door.
  2561 | D:4      | Found a large runed translucent door.
  2718 | D:4      | Noticed a water moccasin
  3026 | D:5      | Entered Level 5 of the Dungeon
  3091 | D:5      | Reached XP level 5. HP: 23/37 MP: 8/8
  3125 | D:5      | Found a shadowy altar of Dithmenos.
  3155 | D:5      | Found an opulent altar of Gozag.
  3195 | D:5      | Reached skill level 5 in Ranged Weapons
  3343 | D:5      | Noticed Dowan
  3343 | D:5      | Noticed Duvessa
  3385 | D:5      | Noticed a phantom
  3481 | D:6      | Noticed Grinder
  3494 | D:6      | Killed Grinder
  3495 | D:6      | Reached skill level 6 in Ranged Weapons
  3495 | D:6      | Gained mutation: You sometimes gain power by taking damage.
                  | [demonic ancestry]
  3495 | D:6      | Reached XP level 6. HP: 38/43 MP: 9/9
  3634 | D:6      | Found a staircase to the Ecumenical Temple.
  3653 | Temple   | Entered the Ecumenical Temple
  4291 | D:6      | Gained mutation: You have a pair of large horns on your
                  | head. [demonic ancestry]
  4291 | D:6      | Reached XP level 7. HP: 48/48 MP: 10/10
  4414 | D:7      | Found a hide-covered altar of Uskayaw.
  4422 | D:6      | Reached skill level 7 in Ranged Weapons
  4422 | D:6      | Reached skill level 1 in Armour
  4996 | D:7      | Noticed Sigmund
  4999 | D:7      | Noticed Edmund
  5001 | D:7      | Killed Sigmund
  5002 | D:7      | Gained mutation: Your demonic aura sometimes causes spilled
                  | blood to erupt in flames. [demonic ancestry]
  5002 | D:7      | Reached XP level 8. HP: 58/58 MP: 11/11
  5007 | D:7      | Edmund changed into Edmund the ball python
  5007 | D:7      | Noticed Edmund
  5010 | D:7      | Killed Edmund the ball python
  5121 | D:7      | Reached skill level 8 in Ranged Weapons
  5127 | D:7      | Found a bloodstained altar of Trog.
  5139 | D:7      | Found a shimmering blue altar of Sif Muna.
  5145 | D:7      | Got Sif Muna's Elucidation of Space and Mortification
  5719 | D:5      | Found a runed translucent gate.
  5720 | D:5      | Found a runed translucent gate.
  5722 | D:5      | Found a runed translucent gate.
  5741 | D:5      | Noticed AverageBear's ghost (novice OpFi)
  5804 | D:5      | Killed Duvessa
  5805 | D:5      | Killed Dowan
  6350 | D:4      | Reached skill level 9 in Ranged Weapons
  6913 | D:4      | Killed relicbr's ghost
  6914 | D:4      | Reached XP level 9. HP: 66/66 MP: 12/12
  6989 | D:8      | Found the +8 trident of the Octopus King {venom, rElec
                  | rPois}
  7151 | D:8      | Slain by a wight

Illustrated notes

Levels and vault maps discovered:
D:1:      dpeg_arrival_rooms_with_view, layout_loops_ring
D:2:      layout_basic, serial_shops, nicolae_square_shop
D:3:      layout_basic, eino_curves_02
D:4:      nicolae_BIG_FREAKIN_CUBE, layout_loops_ring,
          ebering_ghost_disaster_area, dk_noncrumbling_2, kennysheep_nondescript
D:5:      cheibrodos_quashed, layout_basic, mainiacjoe_overflow_two_lobes,
          gammafunk_ghost_necromancy, uniq_duvessa
D:6:      layout_basic, minmay_temple_entry_sparse_star, minmay_misc_feat_tower,
          roderic_lattice_a, uniq_grinder
D:7:      layout_loops_ring, nzn_overflow_gifts_of_might_and_magic,
          lemuel_crystal_altar, minmay_misc_feat_columns,
          sigmund_edmund_badplayer
D:8:      layout_loops_cross, minmay_misc_feat_tiny
Temple:   nicolae_temple_x_marks_the_god

Skill      XL: |  1  2  3  4  5  6  7  8 |
---------------+-------------------------+-----
Ranged Weapons | 2 3 4 6 7 9 |  9.3
Armour         | 2 4 |  4.1
Fighting       | 3 4 |  4.9
Throwing       | |  2.6
Spellcasting   | |  2.0
Translocations | |  1.7

Action                     |  1- 3 |  4- 6 |  7- 9 || total
---------------------------+-------+-------+-------++-------
  Melee: Unarmed           |       |     2 |       ||     2
         Shortbow          |       |     1 |     1 ||     2
   Fire: Shortbow          |   159 |   171 |   145 ||   475
         Arbalest          |       |       |    90 ||    90
  Throw: Dart              |     2 |       |       ||     2
  Evoke: Wand              |       |       |    14 ||    14
    Use: Scroll            |     5 |     8 |     2 ||    15
         Potion            |       |     2 |     3 ||     5
 Armour: Leather armour    |    29 |       |       ||    29
         Chain mail        |    26 |   116 |   121 ||   263
         Scale mail        |       |       |     3 ||     3
  Dodge: Dodged            |    63 |    53 |   100 ||   216

Table legend: (Time is in decaauts)
 A = Elapsed time spent in this place.
 B = Non-inter-level travel time spent in this place.
 C = Inter-level travel time spent in this place.
 D = Time resting spent in this place.
 E = Time spent auto-exploring this place.
 F = Levels seen in this place.
 G = Mean time per level.
                   A        B        C        D        E       F      G
               +--------+--------+--------+--------+--------+-----+--------+
         Total |   7525 |   6961 |    564 |    238 |   4493 |   9 |  836.1 |
       Dungeon |   7457 |   6893 |    564 |    238 |   4447 |   8 |  932.1 |
        Temple |     67 |     67 |      0 |      0 |     46 |   1 |   67.0 |
               +--------+--------+--------+--------+--------+-----+--------+

Top non-repeatable levels by time:
     D:6: 1299 daAuts
     D:7: 1128 daAuts
     D:5: 1068 daAuts
     D:4: 1014 daAuts
     D:3: 1008 daAuts
     D:1: 991 daAuts
     D:2: 775 daAuts
     D:8: 172 daAuts
  Temple: 67 daAuts
